 Dungeon Crawl Stone Soup version 0.22.1-1-ga44c0e5 (webtiles) character file.

121 Yerrow the Sneak (level 4, 0/30 HPs)
             Began as a Vampire Enchanter on Sept 26, 2018.
             Slain by a jackal (3 damage)
             ... on level 3 of the Dungeon.
             The game lasted 00:23:02 (2835 turns).

Yerrow the Sneak (Vampire Enchanter)                Turns: 2835, Time: 00:23:03

Health: 0/30       AC:  6    Str:  8    XL:     4   Next: 76%
Magic:  7/8        EV: 12    Int: 17    God:
Gold:   113        SH:  0    Dex: 14    Spells: 5/8 levels left

rFire    . . .     SeeInvis +   b - +1 hand axe (freeze)
rCold    . . .     Gourm    .   (no shield)
rNeg     + . .     Faith    .   l - +3 leather armour
rPois    .         Spirit   .   (no helmet)
rElec    .         Reflect  .   (no cloak)
rCorr    .         Harm     .   (no gloves)
MR       .....                  (no boots)
Stlth    +++.......             (no amulet)
HPRegen  0.10/turn              (no ring)
MPRegen  0.11/turn              (no ring)

@: no status effects
A: fangs 3, see invisible, unbreathing
a: Bat Form


You were on level 3 of the Dungeon.
You were not thirsty.

You visited 1 branch of the dungeon, and saw 4 of its levels.

You collected 113 gold pieces.

Inventory:

Hand Weapons
 a - a +1 dagger
 b - a +1 hand axe of freezing (weapon)
 t - a +0 dagger
 u - a +0 dagger
Missiles
 e - 39 bolts
 h - 15 stones (quivered)
 r - 8 tomahawks
Armour
 j - a +0 robe
 l - a +3 leather armour (worn)
Jewellery
 p - an uncursed amulet of inaccuracy
Wands
 q - a wand of flame (28)
Scrolls
 g - a scroll of immolation {unknown}
 k - 2 scrolls of amnesia
 m - 2 scrolls of teleportation {unknown}
 n - 3 scrolls of remove curse
 v - a scroll of identify {unknown}
Potions
 c - a potion of invisibility {unknown}
 d - 16 potions of blood
 f - a potion of mutation {unknown}
 i - 3 potions of degeneration {unknown}
 o - a potion of lignification {unknown}
 s - a potion of heal wounds {unknown}


   Skills:
 * Level 2.6 Short Blades
 + Level 3.0 Dodging
 + Level 5.3 Stealth
 + Level 2.7 Spellcasting
 + Level 5.3 Hexes


You had 5 spell levels left.
You knew the following spells:

 Your Spells              Type           Power        Failure   Level  Hunger
a - Corona                Hex            ###....      3%          1    #......
b - Ensorcelled Hibernat  Hex/Ice        ##....       14%         2    ##.....

Your spell library contained the following spells:

 Spells                   Type           Power        Failure   Level  Hunger
 Confuse                  Hex            ###.....     9%          3    ###....
 Tukima's Dance           Hex            ###.....     9%          3    ###....
 Dazzling Spray           Conj/Hex       ##....       26%         3    ###....


Dungeon Overview and Level Annotations

Branches:
Dungeon (4/15)
 Temple: D:4-7

Altars:
Nemelex Xobeh
Yredelemnul

Annotations:
D:4 Dowan, Duvessa


Innate Abilities, Weirdness & Mutations

You have razor-sharp teeth.
You have supernaturally acute eyesight. (SInv)
You can survive without breathing.


Message History

The orc wizard is heavily wounded.
You hit the orc but do no damage. The orc hits you but does no damage.
The orc wizard hits you but does no damage.
The orc hits you.
You hit the orc wizard. You freeze the orc wizard.
Your bite misses the orc wizard.
The orc wizard is severely wounded.
You barely miss the orc. The orc wizard casts a spell at you.
The puff of flame hits you!
* * * LOW HITPOINT WARNING * * *
The orc hits you.
* * * LOW HITPOINT WARNING * * *
The jackal barely misses you.
You closely miss the orc wizard.
The orc wizard is severely wounded.
You barely miss the jackal. You barely miss the orc.
The orc wizard casts a cantrip, but nothing happens.
The jackal bites you.
You die...

### #.# #.####### #.....o.#
#o#####.# ##### #@### #.# #
########...###oh.###'#####
###......#...#.............#####
...............#...............#
...............#...............#
...............#...######......##
.......................##........
....##.....[..#......#.##......#.
....)'...............#'##.##'###.


You could see an orc wizard, an orc and a jackal.

Vanquished Creatures
  An orc wizard (D:3)
  3 adders
  A worm (D:2)
  A dart slug (D:3)
  2 leopard geckos (D:3)
  5 orcs (D:3)
  A giant cockroach (D:2)
  8 goblins
  11 hobgoblins
  2 jackals (D:3)
  A quokka (D:3)
  7 bats (D:1)
  A frilled lizard (D:3)
  2 kobolds
  9 rats
55 creatures vanquished.

Notes
Turn   | Place    | Note
-------+----------+-------------------------------------------
     0 | D:1      | Yerrow the Vampire Enchanter began the quest for the Orb.
     0 | D:1      | Reached XP level 1. HP: 13/13 MP: 3/3
   148 | D:1      | Reached XP level 2. HP: 7/19 MP: 5/5
   185 | D:2      | Learned a level 2 spell: Ensorcelled Hibernation
   763 | D:1      | Reached XP level 3. HP: 22/24 MP: 3/6
  1074 | D:2      | Found a sparkling altar of Nemelex Xobeh.
  1074 | D:2      | Found a basalt altar of Yredelemnul.
  1175 | D:2      | Reached skill level 5 in Stealth
  1501 | D:3      | Reached skill level 5 in Hexes
  1628 | D:3      | Noticed an orc warrior
  1758 | D:3      | Reached XP level 4. HP: 23/30 MP: 2/7
  2003 | D:4      | Noticed Duvessa
  2058 | D:4      | Noticed Dowan
  2835 | D:3      | Slain by a jackal

Skill      XL: |  1  2  3  4 |
---------------+-------------+-----
Short Blades   | 2 |  2.6
Stealth        | 5 |  5.3
Hexes          | 5 |  5.3
Dodging        | 3 |  3.0
Spellcasting   | |  2.7

Action                   |  1- 3 |  4- 6 || total
-------------------------+-------+-------++-------
Melee: Dagger            |    85 |    30 ||   115
       Bite              |     6 |       ||     6
       Hand axe          |     3 |     5 ||     8
 Cast: Ensorcelled Hiber |    22 |    20 ||    42
       Corona            |       |     2 ||     2
 Abil: End Transformatio |     1 |     2 ||     3
       Bat Form          |     1 |     2 ||     3
  Use: Scroll            |     3 |       ||     3
       Potion            |     2 |     3 ||     5
 Stab: Sleeping          |    20 |    13 ||    33
Armor: Robe              |    12 |       ||    12
       Leather armour    |    11 |    18 ||    29
Dodge: Dodged            |    49 |    38 ||    87
